General information
- name: BNet
- type: Ladder team game (AT/RT)
- host: Battle.net
- saver: ChadWardenisgay
map: Highperch
- players: 6
- length: 65:32
- speed: Fast
- version: 1.24 W3XP
- replay type: Public
» download(385 KB)
Players
team 1 (loser)
LIL_BUNNYFUFU (
red | 105 APM | 6858 actions | 65:29)
5 Demon Hunter
3 Mana Burn
2 Evasion
» actions
| Assign group hotkey | 66 | |
| Basic commands | 7 | |
| Build / train | 137 | |
| Enter build submenu | 48 | |
| Enter hero's abilities submenu | 5 | |
| Give item / drop item | 1 | |
| Remove unit from queue | 17 | |
| Right click | 3352 | |
| Select / deselect | 607 | |
| Select group hotkey | 2508 | |
| Use ability | 110 | |
6858 total
» units
| Wisp | 31 | |
| Huntress | 1 | |
| Chimaera | 23 | |
| Glaive Thrower | 2 | |
| Hippogryph | 18 | |
75 total
» upgrades
| Ultravision | 1 | |
| Reinforced Hides | 3 | |
| Corrosive Breath | 1 | |
| Nature's Blessing | 1 | |
| Strength of the Wild | 2 | |
| Vorpal Blades | 1 | |
| Well Spring | 1 | |
10 total
» buildings
| Altar of Elders | 1 | |
| Moon Well | 5 | |
| Hunter's Hall | 1 | |
| Ancient of War | 3 | |
| Tree of Ages | 1 | |
| Ancient of Wind | 4 | |
| Tree of Eternity | 1 | |
| Tree of Life | 3 | |
| Ancient of Wonders | 1 | |
| Chimaera Roost | 2 | |
| Ancient Protector | 25 | |
47 total
» build order
00:06 Altar of Elders
00:26 Moon Well
01:45 Hunter's Hall
01:52 Ancient of War
02:15 Ancient of War
02:40 Moon Well
04:03 Tree of Ages
04:45 Ancient of War
07:13 Ancient of Wind
07:53 Tree of Eternity
08:39 Tree of Life
09:04 Moon Well
09:07 Ancient of Wonders
09:45 Tree of Life
10:16 Chimaera Roost
10:18 Chimaera Roost
11:28 Ancient Protector
11:30 Ancient Protector
12:00 Ancient Protector
12:26 Ancient Protector
12:41 Ancient Protector
12:54 Ancient Protector
13:17 Ancient Protector
16:29 Moon Well
16:31 Moon Well
20:30 Ancient Protector
20:31 Ancient Protector
20:37 Ancient Protector
20:52 Ancient Protector
23:56 Ancient Protector
24:23 Ancient Protector
25:44 Ancient Protector
27:06 Ancient Protector
27:08 Ancient Protector
27:11 Ancient Protector
27:13 Ancient Protector
27:38 Ancient Protector
27:40 Ancient Protector
28:15 Ancient Protector
28:17 Ancient Protector
28:19 Ancient Protector
28:21 Ancient Protector
28:29 Tree of Life
28:32 Ancient Protector
40:42 Ancient of Wind
40:46 Ancient of Wind
45:33 Ancient of Wind
» items
| Staff of Teleportation | 4 | |
| Boots of Speed | 2 | |
| Circlet of Nobility | 1 | |
| Potion of Invisibility | 2 | |
| Staff of Preservation | 1 | |
| Orb of Venom | 1 | |
| Scroll of Town Portal | 1 | |
| Potion of Lesser Invulnerability | 4 | |
16 total
o_O)flowerChild (
blue | 49 APM | 3233 actions | 65:27)
5 Far Seer
2 Feral Spirit
2 Chain Lighting
1 Far Sight
4 Tauren Chieftain
2 War Stomp
2 Endurance Aura
» actions
| Assign group hotkey | 45 | |
| Basic commands | 2 | |
| Build / train | 72 | |
| Enter build submenu | 23 | |
| Enter hero's abilities submenu | 10 | |
| Give item / drop item | 2 | |
| Remove unit from queue | 4 | |
| Right click | 1911 | |
| Select / deselect | 533 | |
| Select group hotkey | 458 | |
| Use ability | 173 | |
3233 total
» units
| Peon | 7 | |
| Grunt | 5 | |
| Raider | 6 | |
| Spirit Walker | 1 | |
| Troll Witch Doctor | 2 | |
| Demolisher | 10 | |
| Troll Batrider | 1 | |
32 total
» upgrades
| Ensnare | 1 | |
| Spirit Walker Training | 1 | |
| Witch Doctor Training | 2 | |
| Burning Oil | 1 | |
| Ranged Weapons | 1 | |
6 total
» buildings
| Altar of Storms | 1 | |
| Orc Burrow | 7 | |
| Barracks | 3 | |
| Voodoo Lounge | 2 | |
| Stronghold | 1 | |
| Beastiary | 3 | |
| Spirit Lodge | 2 | |
| War Mill | 2 | |
| Fortress | 1 | |
| Watch Tower | 2 | |
24 total
» build order
00:07 Altar of Storms
00:19 Orc Burrow
00:37 Barracks
01:30 Orc Burrow
01:52 Voodoo Lounge
02:51 Stronghold
04:16 Orc Burrow
06:56 Beastiary
06:58 Spirit Lodge
08:05 War Mill
09:04 Spirit Lodge
09:11 Fortress
09:55 Orc Burrow
10:01 Orc Burrow
12:32 Orc Burrow
14:59 Watch Tower
15:00 Watch Tower
16:13 Voodoo Lounge
19:35 Beastiary
19:37 Beastiary
21:57 Barracks
22:01 Barracks
23:43 War Mill
23:48 Orc Burrow
» items
| Healing Salve | 3 | |
| Scroll of Speed | 1 | |
| Potion of Lesser Invulnerability | 2 | |
| Dust of Appearance | 2 | |
| Scroll of Healing | 2 | |
| Tome of Retraining | 1 | |
| Scroll of Protection | 1 | |
| Staff of Teleportation | 1 | |
13 total

»
o_O)Yosh (
yellow | 75 APM | 4886 actions | 65:28)
4 Demon Hunter
2 Mana Burn
2 Evasion
4 Keeper of the Grove
2 Entangling Roots
1 Thorns Aura
1 Force of Nature
3 Goblin Alchemist
2 Acid Bomb
1 Chemical Rage
» actions
| Assign group hotkey | 48 | |
| Basic commands | 61 | |
| Build / train | 95 | |
| ESC pressed | 1 | |
| Enter build submenu | 59 | |
| Enter hero's abilities submenu | 11 | |
| Give item / drop item | 4 | |
| Remove unit from queue | 1 | |
| Right click | 1777 | |
| Select / deselect | 828 | |
| Select group hotkey | 1767 | |
| Use ability | 234 | |
4886 total
» units
| Wisp | 36 | |
| Archer | 4 | |
| Druid of the Talon | 10 | |
| Glaive Thrower | 1 | |
| Hippogryph | 6 | |
57 total
» upgrades
| Druid of the Talon Training | 2 | |
| Nature's Blessing | 1 | |
| Vorpal Blades | 1 | |
| Ultravision | 1 | |
| Well Spring | 1 | |
| Mark of the Talon | 1 | |
| Reinforced Hides | 3 | |
10 total
» buildings
| Altar of Elders | 2 | |
| Moon Well | 16 | |
| Ancient of War | 4 | |
| Tree of Ages | 2 | |
| Ancient of Wonders | 1 | |
| Hunter's Hall | 2 | |
| Tree of Eternity | 2 | |
| Ancient of Wind | 7 | |
| Ancient Protector | 13 | |
| Tree of Life | 3 | |
| Chimaera Roost | 3 | |
55 total
» build order
00:06 Altar of Elders
00:18 Moon Well
00:46 Ancient of War
01:47 Moon Well
03:09 Tree of Ages
03:40 Ancient of Wonders
04:05 Moon Well
04:26 Hunter's Hall
04:54 Moon Well
05:46 Tree of Eternity
06:02 Ancient of Wind
06:16 Ancient of Wind
09:02 Ancient Protector
11:33 Tree of Life
12:40 Moon Well
14:55 Tree of Life
15:23 Ancient Protector
15:29 Ancient Protector
16:21 Ancient Protector
17:10 Tree of Life
18:40 Ancient Protector
18:45 Ancient Protector
21:38 Ancient Protector
21:55 Ancient Protector
22:38 Ancient Protector
23:00 Ancient Protector
23:26 Ancient Protector
23:36 Ancient Protector
24:43 Ancient Protector
26:57 Moon Well
26:58 Moon Well
26:59 Moon Well
27:03 Moon Well
27:05 Moon Well
28:06 Moon Well
28:07 Tree of Ages
28:14 Moon Well
29:39 Ancient of War
29:43 Ancient of War
29:48 Hunter's Hall
30:03 Ancient of War
30:34 Ancient of Wind
30:48 Ancient of Wind
31:51 Altar of Elders
33:05 Tree of Eternity
34:46 Moon Well
34:46 Moon Well
41:55 Chimaera Roost
41:57 Chimaera Roost
41:58 Chimaera Roost
47:42 Moon Well
47:42 Moon Well
48:17 Ancient of Wind
48:18 Ancient of Wind
48:19 Ancient of Wind
» items
| Boots of Speed | 1 | |
| Staff of Preservation | 1 | |
| Dust of Appearance | 1 | |
| Orb of Venom | 1 | |
| Staff of Teleportation | 3 | |
| Scroll of Town Portal | 1 | |
| Potion of Lesser Invulnerability | 1 | |
9 total
team 2 (winner)
Cash-Flopped. (
green | 38 APM | 2494 actions | 65:30)
6 Blademaster
3 Wind Walk
2 Critical Strike
1 Bladestorm
2 Goblin Tinker
1 Pocket Factory
1 Engineering Upgrade
2 Tauren Chieftain
1 Shockwave
1 Endurance Aura
» actions
| Assign group hotkey | 38 | |
| Basic commands | 47 | |
| Build / train | 83 | |
| Enter build submenu | 35 | |
| Enter hero's abilities submenu | 10 | |
| Give item / drop item | 7 | |
| Right click | 1246 | |
| Select / deselect | 413 | |
| Select group hotkey | 440 | |
| Use ability | 175 | |
2494 total
» units
» upgrades
| Ranged Weapons | 3 | |
| Spiked Barricades | 1 | |
| Armor | 3 | |
| Liquid Fire | 1 | |
| Reinforced Defenses | 1 | |
9 total
» buildings
| Orc Burrow | 6 | |
| Altar of Storms | 1 | |
| War Mill | 1 | |
| Watch Tower | 14 | |
| Stronghold | 1 | |
| Fortress | 2 | |
| Beastiary | 3 | |
| Voodoo Lounge | 2 | |
30 total
» build order
00:08 Orc Burrow
00:11 Altar of Storms
00:51 War Mill
01:34 Orc Burrow
02:13 Watch Tower
03:21 Watch Tower
04:26 Watch Tower
04:31 Orc Burrow
05:37 Stronghold
05:46 Watch Tower
06:09 Watch Tower
06:39 Watch Tower
07:17 Watch Tower
07:18 Watch Tower
07:54 Watch Tower
08:03 Fortress
08:43 Watch Tower
10:12 Watch Tower
10:33 Watch Tower
11:27 Watch Tower
11:37 Beastiary
11:37 Beastiary
11:38 Beastiary
11:42 Orc Burrow
11:43 Orc Burrow
11:47 Orc Burrow
12:42 Watch Tower
13:21 Voodoo Lounge
13:37 Voodoo Lounge
» items
| Lesser Clarity Potion | 7 | |
| Healing Salve | 4 | |
| Scroll of Speed | 1 | |
| Scroll of Town Portal | 1 | |
| Boots of Speed | 1 | |
| Staff of Teleportation | 2 | |
| Orb of Lightning | 1 | |
| Potion of Healing | 1 | |
| Potion of Mana | 1 | |
| Tiny Great Hall | 1 | |
20 total
ChadWardenisgay (
purple | 70 APM | 4612 actions | 65:32)
6 Blademaster
3 Wind Walk
2 Critical Strike
1 Bladestorm
4 Tauren Chieftain
1 Endurance Aura
1 Shockwave
2 Reincarnation
» actions
| Assign group hotkey | 63 | |
| Basic commands | 152 | |
| Build / train | 108 | |
| ESC pressed | 1 | |
| Enter build submenu | 71 | |
| Enter hero's abilities submenu | 11 | |
| Give item / drop item | 4 | |
| Right click | 2428 | |
| Select / deselect | 494 | |
| Select group hotkey | 990 | |
| Use ability | 290 | |
4612 total
» units
| Peon | 25 | |
| Troll Batrider | 37 | |
| Wind Rider | 5 | |
67 total
» upgrades
| Ranged Weapons | 4 | |
| Liquid Fire | 1 | |
| Armor | 2 | |
| Envenomed Spears | 1 | |
8 total
» buildings
| War Mill | 1 | |
| Altar of Storms | 1 | |
| Orc Burrow | 16 | |
| Watch Tower | 33 | |
| Voodoo Lounge | 3 | |
| Stronghold | 1 | |
| Great Hall | 1 | |
| Fortress | 1 | |
| Beastiary | 3 | |
60 total
» build order
00:14 War Mill
00:17 Altar of Storms
00:25 Orc Burrow
02:04 Watch Tower
02:49 Watch Tower
02:53 Watch Tower
03:42 Watch Tower
03:44 Watch Tower
03:50 Voodoo Lounge
03:52 Voodoo Lounge
03:57 Voodoo Lounge
04:24 Orc Burrow
04:26 Orc Burrow
04:53 Watch Tower
04:55 Watch Tower
05:41 Watch Tower
05:44 Watch Tower
05:46 Watch Tower
07:05 Stronghold
07:13 Watch Tower
07:36 Watch Tower
07:40 Watch Tower
07:42 Watch Tower
07:48 Watch Tower
08:17 Watch Tower
08:20 Watch Tower
08:27 Watch Tower
08:47 Watch Tower
09:03 Watch Tower
09:45 Watch Tower
09:45 Watch Tower
09:47 Watch Tower
10:30 Watch Tower
10:31 Watch Tower
11:17 Great Hall
12:06 Fortress
12:08 Beastiary
12:11 Beastiary
12:13 Beastiary
12:15 Orc Burrow
12:17 Orc Burrow
14:38 Orc Burrow
20:30 Watch Tower
20:31 Watch Tower
20:33 Watch Tower
20:34 Watch Tower
20:37 Watch Tower
20:38 Watch Tower
20:39 Watch Tower
20:40 Watch Tower
22:14 Orc Burrow
22:14 Orc Burrow
22:17 Orc Burrow
22:23 Orc Burrow
22:24 Orc Burrow
22:26 Orc Burrow
22:28 Orc Burrow
22:29 Orc Burrow
22:30 Orc Burrow
22:31 Orc Burrow
» items
| Healing Salve | 2 | |
| Lesser Clarity Potion | 6 | |
| Scroll of Speed | 2 | |
| Dust of Appearance | 1 | |
| Boots of Speed | 1 | |
| Circlet of Nobility | 1 | |
| Potion of Healing | 1 | |
| Potion of Mana | 1 | |
| Orb of Lightning | 1 | |
| Staff of Teleportation | 1 | |
17 total
lord_daleron (
orange | 62 APM | 2998 actions | 48:05)
8 Blademaster
3 Wind Walk
3 Critical Strike
1 Bladestorm
1 Mirror Image
2 Tauren Chieftain
1 Endurance Aura
1 Shockwave
» actions
| Assign group hotkey | 92 | |
| Basic commands | 67 | |
| Build / train | 104 | |
| ESC pressed | 3 | |
| Enter build submenu | 61 | |
| Enter hero's abilities submenu | 10 | |
| Give item / drop item | 5 | |
| Right click | 1423 | |
| Select / deselect | 274 | |
| Select group hotkey | 741 | |
| Use ability | 218 | |
2998 total
» units
| Peon | 28 | |
| Troll Batrider | 11 | |
| Demolisher | 1 | |
| Kodo Beast | 1 | |
| Wind Rider | 5 | |
46 total
» upgrades
| Liquid Fire | 1 | |
| Ranged Weapons | 3 | |
| Reinforced Defenses | 1 | |
| Armor | 4 | |
| Envenomed Spears | 1 | |
| War Drums Damage Increase | 1 | |
11 total
» buildings
| Altar of Storms | 1 | |
| Orc Burrow | 9 | |
| War Mill | 1 | |
| Voodoo Lounge | 1 | |
| Watch Tower | 44 | |
| Stronghold | 3 | |
| Beastiary | 3 | |
| Fortress | 2 | |
| Great Hall | 1 | |
| Barracks | 2 | |
67 total
» build order
00:12 Altar of Storms
00:17 Orc Burrow
00:40 War Mill
01:15 Voodoo Lounge
02:13 Watch Tower
02:34 Watch Tower
02:57 Orc Burrow
03:11 Watch Tower
03:30 Watch Tower
04:12 Stronghold
04:12 Stronghold
04:13 Stronghold
04:23 Watch Tower
04:41 Watch Tower
04:48 Watch Tower
05:11 Watch Tower
05:11 Watch Tower
05:11 Watch Tower
05:12 Watch Tower
05:12 Watch Tower
05:12 Watch Tower
05:42 Watch Tower
08:17 Watch Tower
08:18 Watch Tower
08:18 Watch Tower
08:31 Beastiary
08:38 Watch Tower
08:43 Fortress
08:44 Fortress
09:10 Beastiary
09:13 Orc Burrow
09:16 Orc Burrow
09:21 Orc Burrow
09:49 Great Hall
09:51 Watch Tower
09:51 Watch Tower
09:53 Beastiary
11:15 Watch Tower
11:16 Watch Tower
13:46 Barracks
13:46 Barracks
15:03 Watch Tower
15:03 Watch Tower
18:50 Watch Tower
18:50 Watch Tower
18:50 Watch Tower
22:06 Orc Burrow
22:06 Orc Burrow
22:07 Orc Burrow
23:59 Orc Burrow
34:29 Watch Tower
34:29 Watch Tower
34:30 Watch Tower
34:31 Watch Tower
34:33 Watch Tower
34:36 Watch Tower
34:37 Watch Tower
34:38 Watch Tower
35:45 Watch Tower
35:47 Watch Tower
35:48 Watch Tower
35:48 Watch Tower
35:49 Watch Tower
35:52 Watch Tower
35:52 Watch Tower
38:29 Watch Tower
38:29 Watch Tower
» items
| Lesser Clarity Potion | 10 | |
| Healing Salve | 4 | |
| Boots of Speed | 4 | |
| Dust of Appearance | 1 | |
| Scroll of Speed | 1 | |
| Orb of Lightning | 2 | |
| Potion of Healing | 2 | |
| Scroll of Town Portal | 1 | |
| Tiny Great Hall | 1 | |
| Staff of Teleportation | 1 | |
27 total
Chat log
(00:01 / Allies) lord_daleron: rofl
(00:03 / Allies) lord_daleron: ev1 tower
(00:10 / Allies) lord_daleron: get hero on time tho
(00:19 / Allies) Cash-Flopped.: i call not it for towers
(00:23 / Allies) lord_daleron: all are towering
(00:26 / Allies) lord_daleron: wimp
(00:29 / Allies) Cash-Flopped.: how
(00:32 / Allies) lord_daleron: ...
(00:37 / Allies) Cash-Flopped.: in my base?
(00:42 / Allies) lord_daleron: at the chokes
(00:44 / Allies) ChadWardenisgay: send a man to the wall
(00:50 / Allies) lord_daleron: ioll try to leave enough space
(00:53 / Allies) lord_daleron: for you to fit one or two twoers in
(01:06 / Allies) lord_daleron: lets do tri bm
(01:11 / Allies) lord_daleron: even tho it is dumb in teh logn run
(01:36 / Allies) lord_daleron: start first tower
(01:37 / Allies) lord_daleron: and give me change
(02:08 / Allies) Cash-Flopped.: long build time
(02:28 / Allies) lord_daleron: get there
(02:28 / Allies) lord_daleron: fast
(03:56 / Allies) lord_daleron: tech on time
(04:06 / Allies) lord_daleron: ]lets do their greens
(04:07 / Allies) lord_daleron: keep towering
(04:49 / Allies) lord_daleron: fuk
(04:52 / Allies) lord_daleron: we jsut lost
(04:58 / Allies) lord_daleron: thanks for allt eh help towerin grigh tside :(
(05:00 / Allies) lord_daleron: OH YEAH
(05:04 / Allies) lord_daleron: LET ME JSUT PY A CIKC VK TAODDS
(05:13 / Allies) ChadWardenisgay: wat
(07:10 / Allies) lord_daleron: click farseer
(07:21 / Allies) ChadWardenisgay: shove it up yo own ass game
(07:21 / All) lord_daleron: rage pull
(07:54 / Allies) lord_daleron: care kotg
(08:08 / Allies) ChadWardenisgay: we fucked
(08:21 / Allies) lord_daleron: do thsi fast
(09:30 / Allies) lord_daleron: anyone wood rich?
(09:45 / Allies) lord_daleron: no you all have under 100 wood?
(09:53 / Allies) Cash-Flopped.: damn
(10:39 / Allies) lord_daleron: going bats
(10:44 / Allies) Cash-Flopped.: my hero is sleeping under a river
(10:57 / Allies) Cash-Flopped.: he will save us when we need him though
(11:12 / Allies) ChadWardenisgay: wat
(11:17 / Allies) lord_daleron: yeah what
(11:28 / Allies) lord_daleron: get bats all
(11:30 / Allies) ChadWardenisgay: a mess
(11:30 / Allies) lord_daleron: 50 food each
(11:48 / Allies) ChadWardenisgay: for ages past scholars have asked
(11:50 / Allies) ChadWardenisgay: does wood exist
(12:02 / Allies) ChadWardenisgay: recent studies say no
(12:19 / Allies) lord_daleron: you guys 50 food bats yet?
(12:22 / Allies) lord_daleron: cu we abot to lose tower wall
(13:20 / Allies) lord_daleron: ok meet bats
(13:21 / Allies) lord_daleron: right side
(13:22 / Allies) lord_daleron: before we lose
(13:24 / Allies) ChadWardenisgay: i have zero
(13:39 / Allies) lord_daleron: make siege then
(13:41 / Allies) lord_daleron: meet all seige
(13:43 / Allies) lord_daleron: at right ower wall
(14:36 / All) lord_daleron: good job saving the cost of at p
(14:37 / All) lord_daleron: rofkl
(14:51 / Allies) lord_daleron: need more damn bats in action
(15:03 / All) LIL_BUNNYFUFU: cost of what?
(15:15 / All) lord_daleron: typo gloating?
(15:18 / All) lord_daleron: u msut be mad
(15:22 / All) LIL_BUNNYFUFU: Oo
(15:24 / Allies) lord_daleron: you guys have to make
(15:24 / Allies) lord_daleron: siege
(15:25 / All) LIL_BUNNYFUFU: if u say so ^^
(15:25 / Allies) lord_daleron: or bats
(15:28 / Allies) lord_daleron: one or hte other
(16:18 / Allies) Cash-Flopped.: gold plz
(16:41 / Allies) lord_daleron: manage those fuckign carts
(16:42 / Allies) lord_daleron: im busy
(17:19 / Allies) lord_daleron: 39 food?
(17:20 / Allies) lord_daleron: why
(17:38 / Allies) Cash-Flopped.: i didnt have gold to make bats
(19:02 / Allies) Cash-Flopped.: 1 second delay
(19:31 / Allies) lord_daleron: idle ass bms
(20:08 / All) lord_daleron: no hero staff?
(20:09 / All) lord_daleron: rofl
(20:13 / All) lord_daleron: must be getting sad
(20:18 / All) LIL_BUNNYFUFU: right :P
(20:21 / Allies) ChadWardenisgay: i have lost like 2 whole numebrs of bats to dots
(20:24 / Allies) ChadWardenisgay: while i was managing my hero
(20:47 / Allies) ChadWardenisgay: we are going to need some way to get upt the cliff
(20:55 / Allies) lord_daleron: i call not it on tinker
(21:14 / Allies) lord_daleron: this would be a good perch tho
(21:16 / Allies) lord_daleron: if we could do it
(21:30 / Allies) Cash-Flopped.: ill get tinker
(21:40 / Allies) ChadWardenisgay: it will need a staff
(21:43 / Allies) ChadWardenisgay: dopes anyoen hava staff
(21:45 / Allies) Cash-Flopped.: no gold
(21:48 / Allies) Cash-Flopped.: GOLD
(23:15 / Allies) lord_daleron: anyone ever get that tinker
(23:17 / Allies) Cash-Flopped.: i need lots of gold
(23:19 / Allies) Cash-Flopped.: ya i did
(23:25 / Allies) lord_daleron: start climbing
(23:31 / Allies) Cash-Flopped.: g0ld
(23:37 / Allies) ChadWardenisgay: get as taff
(23:38 / Allies) ChadWardenisgay: retard
(23:56 / Allies) Cash-Flopped.: dont call me a retard
(24:02 / Allies) Cash-Flopped.: i know where you live
(24:51 / Allies) Cash-Flopped.: 2 second delay
(26:09 / Allies) ChadWardenisgay: thgose ancients
(26:15 / Allies) ChadWardenisgay: are all goign to get rooted in one place
(26:15 / Allies) ChadWardenisgay: later
(26:58 / Allies) lord_daleron: ok i have the kodo
(27:02 / Allies) lord_daleron: if one of u wants to go casters u can
(27:07 / Allies) lord_daleron: im gonna mass wyvs otehrwise
(27:21 / Allies) lord_daleron: i got hte tc too
(27:21 / Allies) lord_daleron: for aura
(27:23 / Allies) lord_daleron: massing now
(27:24 / Allies) lord_daleron: go 100 now
(29:04 / Allies) ChadWardenisgay: why did u break food
(29:06 / Allies) ChadWardenisgay: u r mining still
(29:32 / Allies) ChadWardenisgay: may as awelll creep
(29:34 / Allies) ChadWardenisgay: so its not there later
(29:35 / Allies) lord_daleron: ya
(29:37 / Allies) Cash-Flopped.: ok were up
(29:45 / Allies) lord_daleron: save some gold for towers
(30:06 / Allies) lord_daleron: start moving ur shit up to the perch
(30:09 / Allies) lord_daleron: inc ase they see it and go up there
(30:25 / Allies) lord_daleron: frees alves!!
(30:43 / Allies) lord_daleron: go max food now
(30:45 / Allies) lord_daleron: kill those peons
(30:48 / Allies) lord_daleron: gold him
(30:49 / Allies) lord_daleron: chadwarden
(30:51 / Allies) lord_daleron: before he breaks
(30:52 / Allies) lord_daleron: BREAK NOW
(30:53 / Allies) lord_daleron: BOTH OF U
(30:54 / Allies) lord_daleron: MASS UP
(31:08 / Allies) Cash-Flopped.: gold me
(31:19 / Allies) lord_daleron: all my gold is towers
(31:22 / Allies) lord_daleron: chad warden has a bit iextra i dont
(31:49 / All) lord_daleron: nice staff micro
(32:03 / All) o_O)flowerChild: lol coming from someone with no micro who loses 5 bats to burrows
(32:14 / All) lord_daleron: youre confusing one color with another
(32:19 / All) lord_daleron: imn the guy that took out ur fagbase without losing a bat
(32:20 / All) o_O)flowerChild: it doesnt make a diff
(32:22 / All) o_O)flowerChild: ur all bad
(32:29 / All) lord_daleron: u lost wimp
(32:30 / All) lord_daleron: eat my poops
(32:40 / All) LIL_BUNNYFUFU: ?
(33:02 / Allies) ChadWardenisgay: go 100 food
(33:03 / Allies) Cash-Flopped.: im getting reinfoerced building upgrade
(34:09 / Allies) ChadWardenisgay: should i save a peon
(34:19 / Allies) lord_daleron: bering all ur peosn up tot ower
(34:31 / Allies) ChadWardenisgay: i have weak tower form tho
(34:34 / Allies) ChadWardenisgay: u do the towering
(34:36 / Allies) ChadWardenisgay: bring ur peons up
(34:41 / All) lord_daleron: ist good to mix it
(35:07 / Allies) ChadWardenisgay: do not waste those
(35:08 / Allies) ChadWardenisgay: move them
(35:24 / Allies) Cash-Flopped.: fuck
(35:25 / All) o_O)flowerChild: gg
(35:29 / All) lord_daleron: good rape
(35:30 / All) lord_daleron: you mean
(35:30 / Allies) Cash-Flopped.: he killed my mill
(35:34 / All) LIL_BUNNYFUFU: yes good rape
(35:37 / Allies) ChadWardenisgay: make one up there
(36:01 / Allies) Cash-Flopped.: kill oj base?
(36:10 / Allies) lord_daleron: if uw ant to
(36:12 / Allies) lord_daleron: id leave it
(36:16 / Allies) lord_daleron: make them live the dream
(36:17 / Allies) lord_daleron: a little longer
(36:22 / Allies) lord_daleron: ya just leav eit
(36:39 / Allies) lord_daleron: do we have a tp up here?
(36:40 / Allies) lord_daleron: o well nvm
(36:41 / Allies) ChadWardenisgay: kill wisps
(37:11 / Allies) ChadWardenisgay: dont staff into the bases
(37:17 / Allies) ChadWardenisgay: u cut of fur esceap
(37:58 / All) lord_daleron: RAPED
(38:05 / Allies) ChadWardenisgay: why did you say that
(38:09 / All) LIL_BUNNYFUFU: we noticed u got raped
(38:11 / Allies) lord_daleron: killed chim
(38:14 / Allies) ChadWardenisgay: o
(38:33 / Allies) ChadWardenisgay: may as well keep them busy
(38:35 / Allies) ChadWardenisgay: just be careful
(38:39 / Allies) ChadWardenisgay: there is no return from de3ath now
(38:56 / All) lord_daleron: LOL
(39:01 / All) lord_daleron: you got chims to spare huh bud?
(39:10 / All) LIL_BUNNYFUFU: ya i got 4k gold so hf
(39:11 / All) o_O)flowerChild: Oo
(39:17 / Allies) ChadWardenisgay: manaburn
(39:22 / Allies) lord_daleron: kill these juicy chims
(39:22 / Allies) ChadWardenisgay: morale +1111231231241
(39:24 / Allies) lord_daleron: nto some building
(39:33 / Allies) ChadWardenisgay: looks like mana to me
(39:44 / Allies) lord_daleron: ]CARE
(39:45 / Allies) ChadWardenisgay: michael ur almost dead
(39:46 / Allies) ChadWardenisgay: staff up
(39:47 / Allies) ChadWardenisgay: to heal
(39:50 / Allies) ChadWardenisgay: you wil lget ur cahcnce
(39:51 / Allies) lord_daleron: stay down
(39:54 / Allies) lord_daleron: one of you has to stay down
(40:00 / Allies) lord_daleron: make sure this
(40:03 / Allies) lord_daleron: is in good control groups
(40:12 / Allies) lord_daleron: also make sure tiehack is OFF
(40:30 / Allies) lord_daleron: dont get raped
(40:33 / Allies) lord_daleron: and have them chasing you with dust
(40:36 / Allies) lord_daleron: we bneed one of u
(40:38 / Allies) lord_daleron: on ground level
(40:39 / Allies) lord_daleron: to staff to
(40:40 / Allies) Cash-Flopped.: my clown is down
(41:00 / Allies) lord_daleron: highest priority target
(41:02 / Allies) lord_daleron: if you can catch it alone
(41:04 / Allies) lord_daleron: is that witch doc
(41:06 / Allies) ChadWardenisgay: michael ur on down shitft
(41:10 / Allies) ChadWardenisgay: im up now
(41:18 / All) lord_daleron: welcome to high perch
(41:21 / All) lord_daleron: enjoy your stay
(41:26 / Allies) lord_daleron: ok michael u can go up now
(41:27 / Allies) lord_daleron: im down
(41:38 / All) LIL_BUNNYFUFU: how did u get up there
(41:42 / All) lord_daleron: RAPED
(41:43 / All) LIL_BUNNYFUFU: like a land unit up there
(41:46 / All) lord_daleron: RAPED
(41:49 / All) Cash-Flopped.: LOL
(42:26 / Allies) lord_daleron: car3
(42:38 / Allies) ChadWardenisgay: just giving his fingers exercise
(43:33 / Allies) lord_daleron: oen of u down
(43:34 / Allies) lord_daleron: iw ant up soon
(43:36 / All) o_O)flowerChild: its gg
(43:36 / Allies) lord_daleron: go down nownwownownonow
(43:40 / All) o_O)flowerChild: we about to win
(43:43 / All) o_O)flowerChild: u rdy?
(43:46 / All) lord_daleron: squelched
(43:46 / Allies) Cash-Flopped.: i gho down
(43:53 / All) o_O)flowerChild: defeated
(43:54 / Allies) ChadWardenisgay: ur down already
(44:45 / Allies) ChadWardenisgay: use bats if they charge?
(44:48 / All) lord_daleron: LOL
(44:49 / All) lord_daleron: SCREAM
(44:51 / All) lord_daleron: YOUS CREAMING YET?
(45:06 / Allies) Cash-Flopped.: use bats un unmounrs
(45:08 / Allies) ChadWardenisgay: has dust
(45:10 / Allies) ChadWardenisgay: watch out
(45:23 / All) LIL_BUNNYFUFU: so what hack u use
(45:24 / All) lord_daleron: SCREAM
(45:26 / All) LIL_BUNNYFUFU: to get up there
(45:50 / All) lord_daleron: SCREAM
(46:36 / Allies) Cash-Flopped.: blue probably manner hacks
(46:55 / Allies) ChadWardenisgay: run for your life
(47:06 / Allies) ChadWardenisgay: they have a ward up
(47:07 / Allies) ChadWardenisgay: right over there
(47:16 / Allies) ChadWardenisgay: inc air
(47:17 / Allies) lord_daleron: IM DOWN with 350 mana
(47:19 / Allies) lord_daleron: u guys can up
(47:26 / All) lord_daleron: GOOD SHOOT
(48:04 / Allies) ChadWardenisgay: once you are raider netted
(48:05 / All) LIL_BUNNYFUFU: desperate for what?
(48:34 / Allies) Cash-Flopped.: u got those?
(49:37 / Allies) ChadWardenisgay: they still have some thousands of gold
(50:26 / Allies) ChadWardenisgay: what are you managing right now
(50:30 / Allies) Cash-Flopped.: bms
(50:36 / Allies) ChadWardenisgay: dont get them kilt
(50:39 / Allies) ChadWardenisgay: wards nearby
(51:13 / Allies) ChadWardenisgay: hes after u
(51:38 / Allies) Cash-Flopped.: did you do that?
(51:39 / Allies) ChadWardenisgay: without a paddle
(51:40 / Allies) ChadWardenisgay: no
(51:41 / Allies) ChadWardenisgay: you did
(51:48 / Allies) Cash-Flopped.: the blade storm
(51:56 / Allies) ChadWardenisgay: i did
(52:02 / Allies) Cash-Flopped.: why?
(52:03 / Allies) ChadWardenisgay: he was running just as fast as your guy
(52:09 / Allies) ChadWardenisgay: i was going to kill the raiders
(52:12 / Allies) ChadWardenisgay: and the mighty ward master
(52:16 / Allies) ChadWardenisgay: he cant reproduce wards
(52:20 / Allies) ChadWardenisgay: since he cant remake ward master
(52:21 / Allies) Cash-Flopped.: the warder was dead
(52:26 / Allies) ChadWardenisgay: there are wards everywhere
(52:32 / Allies) Cash-Flopped.: ok
(52:36 / Allies) ChadWardenisgay: thats where he died
(52:38 / Allies) ChadWardenisgay: still in wards
(52:39 / Allies) Cash-Flopped.: the wardER was dead though
(52:47 / Allies) ChadWardenisgay: thats nice
(52:51 / Allies) Cash-Flopped.: when hes invisible theres no autoattack
(52:57 / Allies) Cash-Flopped.: mine made in out fone
(53:02 / Allies) ChadWardenisgay: what do you mean autoattack
(53:06 / Allies) ChadWardenisgay: they attack things automatically
(53:10 / Allies) ChadWardenisgay: when they can see them with weard
(53:20 / Allies) ChadWardenisgay: i didnt control your unit
(53:21 / Allies) Cash-Flopped.: ok well u control alexs stuff now then
(54:25 / All) o_O)flowerChild: ug
(54:32 / All) o_O)flowerChild: boring mh players
(57:04 / Allies) ChadWardenisgay: if they go all in
(57:07 / Allies) ChadWardenisgay: dont use alexs bats
(57:11 / Allies) ChadWardenisgay: but use enough of yours as you see fit
(57:19 / Allies) Cash-Flopped.: why
(57:27 / Allies) ChadWardenisgay: because its hard to manage alexs
(57:35 / Allies) ChadWardenisgay: i jsut dont want balls fumbled everywhere
(57:38 / Allies) ChadWardenisgay: besides they are 3/3/
(57:39 / Allies) ChadWardenisgay: why not
(57:48 / Allies) Cash-Flopped.: these guys mannerhack
(59:06 / Allies) ChadWardenisgay: use up your bladestorm every now and then
(59:11 / Allies) ChadWardenisgay: to speed the deconstruction along
(59:14 / Allies) ChadWardenisgay: whenevery ou think its safe
(59:17 / Allies) ChadWardenisgay: after all
(59:18 / Allies) Cash-Flopped.: i need the mana
(59:20 / Allies) ChadWardenisgay: you become a pillar
(59:23 / Allies) ChadWardenisgay: once you do it
(59:43 / Allies) Cash-Flopped.: what if pillage worked on the bm
(59:50 / Allies) ChadWardenisgay: its already rigged
(59:53 / Allies) ChadWardenisgay: things would be the asame
(60:52 / Allies) Cash-Flopped.: why does he have that many AoWs?
(61:02 / Allies) ChadWardenisgay: idk
(61:25 / Allies) ChadWardenisgay: dust
(61:27 / Allies) ChadWardenisgay: on that kotg
(61:41 / Allies) ChadWardenisgay: take comfort in that
(61:52 / Allies) ChadWardenisgay: they cant buy dust forever
(62:05 / Allies) ChadWardenisgay: im sure the manner hacker controls the duster tho
(62:14 / Allies) ChadWardenisgay: that retard is looking for a safe angle in
(62:16 / Allies) ChadWardenisgay: with those unmounts
(62:18 / Allies) ChadWardenisgay: there isnt one
(62:22 / Allies) ChadWardenisgay: adn the goal line is hell
(62:27 / Allies) Cash-Flopped.: all they have is unmounts
(62:32 / Allies) ChadWardenisgay: i know
(62:33 / Allies) Cash-Flopped.: they cant get the towers
(62:35 / Allies) ChadWardenisgay: but they have some money
(62:37 / Allies) ChadWardenisgay: and could sell items
(62:39 / Allies) ChadWardenisgay: although i think
(62:41 / Allies) ChadWardenisgay: these worms
(62:44 / Allies) ChadWardenisgay: will keep items and lose
(62:47 / Allies) ChadWardenisgay: rather than otherwise
(63:49 / Allies) ChadWardenisgay: pull back ur bats
(63:56 / Allies) Cash-Flopped.: i thought u did thsat
(64:10 / All) Cash-Flopped.: GOOD ONE
(64:22 / All) LIL_BUNNYFUFU: u hack ed ur way onto that ground ..........
(64:30 / All) Cash-Flopped.: YE
(64:35 / All) Cash-Flopped.: USED FLYING UNITS HACL
(64:50 / All) ChadWardenisgay: that was your big plan?